 Seeded DCSS version 0.30.0-5-g1a98f26d00 (webtiles) character file.

Game seed: 2 (custom seed)

32 Kazon the Chopper (level 3, 0/29 HPs)
             Began as a Demonspawn Berserker on May 8, 2023.
             Was a Follower of Trog.
             Killed from afar by Natasha (6 damage)
             ... with a magic dart
             ... on level 2 of the Dungeon.
             The game lasted 00:03:51 (1122 turns).

Kazon the Chopper (Demonspawn Berserker)            Turns: 1122, Time: 00:03:52

Health: 0/29       AC:  2    Str: 17    XL:     3   Next: 10%
Magic:  3/3        EV: 12    Int:  8    God:    Trog [*.....]
Gold:   62         SH:  0    Dex: 16    Spells: 2/2 levels left

rFire   . . .        a - +0 hand axe
rCold   . . .        (no shield)
rNeg    . . .        b - +0 animal skin
rPois   .            (no helmet)
rElec   .            (no cloak)
rCorr   .            (no gloves)
SInv    .            (no boots)
Will    .....        (no amulet)
Stlth   +++          (no ring)
HPRegen 0.24/turn    (no ring)
MPRegen 0.08/turn

%: no passive effects
@: no status effects
A: thin skeletal structure 1, foul stench 1
a: Renounce Religion, Berserk


You were on level 2 of the Dungeon.
You worshipped Trog.
Trog was aware of your devotion.
You visited 1 branch of the dungeon, and saw 2 of its levels.

You collected 62 gold pieces.

Inventory:

Hand Weapons
 a - a +0 hand axe (weapon)
Missiles
 e - 8 stones (quivered)
 k - 11 poisoned darts
Armour
 b - a +0 animal skin (worn)
Scrolls
 g - a scroll of identify {unknown}
 h - 2 scrolls of magic mapping {unknown}
 l - a scroll of acquirement {unknown}
Potions
 c - a potion of flight {unknown}
 d - a potion of lignification {unknown}
 f - a potion of attraction {unknown}
 i - 2 potions of might {unknown}
 j - a potion of heal wounds {unknown}


   Skills:
 + Level 3.2 Fighting
 + Level 3.4 Axes
 + Level 1.9 Armour
 + Level 2.1 Dodging
 * Level 0.2 Stealth


You had 2 spell levels left.
You didn't know any spells.
Your spell library was empty.

Dungeon Overview and Level Annotations

Branches:
Dungeon (2/15)

Altars:

Annotations:
D:2 Natasha


Innate Abilities, Weirdness & Mutations

You have a somewhat thin skeletal structure. (Dex +2, Stealth+)
You may rarely emit foul miasma when damaged in melee.


Message History

You hit the hobgoblin.
The hobgoblin is almost dead.
The hobgoblin barely misses you.
You closely miss the hobgoblin.
The hobgoblin is almost dead.
The hobgoblin closely misses you.
You closely miss the hobgoblin.
The hobgoblin is almost dead.
The hobgoblin barely misses you.
You hit the hobgoblin.
You kill the hobgoblin!
Trog accepts your kill.
Natasha, Servant of Life and Death comes into view.
Found a stone staircase leading down.
The helpless worm fails to defend itself.
You hit the worm but do no damage. The worm bites you!
You barely miss the worm. You hit the worm but do no damage.
The hobgoblin shouts!
A ball python comes into view.
The worm bites you.
Natasha hisses angrily.
The ball python hisses angrily.
You hit the worm.
The worm is moderately wounded.
Natasha extends her claws.
The worm bites you! Natasha claws you.
* * * LOW HITPOINT WARNING * * *
The hobgoblin attacks as you move away! The hobgoblin closely misses you.
Natasha closely misses you.
You see here 4 gold pieces.
The hobgoblin attacks as you move away! The hobgoblin hits you.
* * * LOW HITPOINT WARNING * * *
You emit a cloud of foul miasma!
The hobgoblin is engulfed in dark miasma.
The hobgoblin is poisoned.
You kill the hobgoblin!
Trog accepts your kill. Natasha casts a spell at you. The magic dart hits you.
You die...

.. .. .. # .#
.# ># ...
###. .#
##.##. ...
#...##.
.....S ...
#.....####.^
.#...
#<..##.# .#.#
###$.#.##...#
##..@$h..#
###.#ยง..#
#.....#
....#.....#
#...##.#....#
.....
..##.....
##.[. ...
..... #....
#.. ##.. ...
### #.


You could see Natasha.

Vanquished Creatures
  2 dart slugs (D:1)
  A ball python (D:1)
  An endoplasm (D:1)
  3 giant cockroaches (D:1)
  2 goblins (D:1)
  4 hobgoblins
  3 kobolds (D:1)
  4 quokkas (D:1)
  2 bats (D:1)
  A frilled lizard (D:1)
  2 rats (D:1)
25 creatures vanquished.

Notes
Turn   | Place    | Note
-------+----------+-------------------------------------------
     0 | D:1      | Kazon the Demonspawn Berserker began the quest for the Orb.
     0 | D:1      | Reached XP level 1. HP: 18/18 MP: 1/1
   200 | D:1      | Found a faded altar of an unknown god.
   227 | D:1      | Gained mutation: You may rarely emit foul miasma when
                  | damaged in melee. [demonic ancestry]
   227 | D:1      | Reached XP level 2. HP: 22/24 MP: 2/2
   806 | D:1      | Gained mutation: You have a somewhat thin skeletal
                  | structure. (Dex +2, Stealth+) [demonic ancestry]
   806 | D:1      | Reached XP level 3. HP: 8/29 MP: 3/3
  1116 | D:2      | Noticed Natasha
  1122 | D:2      | Killed from afar by Natasha

Illustrated notes

Levels and vault maps discovered:
D:1:      dpeg_arrival_lava_altar, layout_basic,
          shapermc_ecumenical_altar_rom_forum
D:2:      layout_rooms, solitary_fountain, minmay_tromino_v4_a, uniq_natasha

Skill      XL: |  1  2 |
---------------+-------+-----
Axes           | 3 |  3.4
Dodging        | 2 |  2.1
Fighting       | |  3.2
Armour         | |  1.9
Stealth        | |  0.2

Action                     || total
---------------------------++-------
  Melee: Hand axe          ||    70
  Throw: Stone             ||     3
   Stab: Sleeping          ||     3
 Armour: Animal skin       ||     6
  Dodge: Dodged            ||    51
